 Dungeon Crawl Stone Soup version 0.30-a0-168-g0b976cbdc4 (webtiles) character file.

Game seed: 14167425720124701976

190 qw the Chopper (level 5, -8/32 HPs)
             Began as a Gargoyle Fighter on Sept 29, 2022.
             Was an Initiate of Okawaru.
             Mangled by a gnoll
             ... wielding a +1 halberd of venom
             ... led by a gnoll bouda
              (9 damage)
             ... on level 4 of the Dungeon.
             The game lasted 00:01:01 (3187 turns).

qw the Chopper (Gargoyle Fighter)                   Turns: 3187, Time: 00:01:02

Health: -8/32      AC: 15    Str: 21 (22) XL:     5   Next: 69%
Magic:  5/5        EV:  7    Int:  8      God:    Okawaru [......]
Gold:   124        SH:  4    Dex:  6 (9)  Spells: 4/4 levels left

rFire   . . .      SeeInvis .    Y - +0 war axe
rCold   . . .      Faith    .    c - +0 buckler
rNeg    + . .      Spirit   .    h - +0 chain mail
rPois   inf        Reflect  .    k - +0 helmet
rElec   +          Harm     .    (no cloak)
rCorr   .          Rampage  .    o - +0 pair of gloves
Will    .....                    (no boots)
Stlth   ..........               (no amulet)
HPRegen 0.10/turn                (no ring)
MPRegen 0.09/turn                (no ring)

@: no status effects
A: sickness immunity, AC +4, negative energy resistance 1, electricity
resistance, torment resistance 1, petrification resistance
a: Renounce Religion


You were on level 4 of the Dungeon.
You worshipped Okawaru.
Okawaru was noncommittal.
You visited 1 branch of the dungeon, and saw 4 of its levels.

You collected 178 gold pieces.
You spent 54 gold pieces at shops.


Innate Abilities, Weirdness & Mutations

You are immune to sickness and miasma.
Your stone body is resilient. (AC +4)
You are immune to poison.
You resist negative energy. (rN+)
You are resistant to electric shocks. (rElec)
You are resistant to unholy torment.
You are immune to petrification.


   Skills:
 - Level 3.2 Fighting
 + Level 4.9 Axes
 - Level 1.4 Throwing
 - Level 3.2 Armour
 - Level 3.2 Shields


You had 4 spell levels left.
You didn't know any spells.
Your spell library was empty.

Inventory:

Hand Weapons
 g - a +0 whip
 Y - a +0 war axe (weapon)
Missiles
 r - 2 javelins (quivered)
Armour
 c - a +0 buckler (worn)
 h - a +0 chain mail (worn)
 k - a +0 helmet (worn)
 o - a +0 pair of gloves (worn)
Jewellery
 a - a ring of fire
Scrolls
 n - a scroll of identify
 p - a scroll of magic mapping {unknown}
Potions
 b - a potion of attraction
 d - a potion of might
 e - 3 potions of curing
 f - a potion of lignification
 i - a potion of haste
 j - a potion of mutation {unknown}
 l - a potion of magic {unknown}
 m - a potion of flight {unknown}
 s - a potion of berserk rage {unknown}

Dungeon Overview and Level Annotations

Branches:
Dungeon (4/15)
 Temple: D:4-7

Altars:
Okawaru
The Shining One

Shops:
D:3 *


Message History

A gnoll comes into view. It is wielding a +1 halberd of venom.
The gnoll moves out of view.
You hear a shout!
3178 ||| Stepping ~*~*~tactically~*~*~ (hiding).
You hear a shout! x4; You hear an angry hiss.
You start waiting.
A gnoll is nearby!
The gnoll hits you but does no damage. 2 orcs, a gnoll bouda and 2 gnolls come into view.
The orc shouts! x2; The gnoll shouts! x2
An orc comes into view. It is wielding a +0 flail.
An iguana comes into view.
An orc comes into view. It is wielding a +0 dagger.
The orc moves out of view.
The orc shouts!
You hit the gnoll but do no damage. You barely miss the orc.
The orc hits you but does no damage. The gnoll hits you but does no damage.
A giant cockroach comes into view.
You block the gnoll's attack. The orc hits you but does no damage.
You closely miss the gnoll. You completely miss the orc.
The orc barely misses you.
An endoplasm comes into view.
The gnoll hits you from afar with a +1 halberd of venom!
You block the gnoll's attack.
You barely miss the gnoll. You hit the orc. The orc hits you with a +0 whip.
The gnoll hits you from afar with a +1 halberd of venom!
The gnoll hits you but does no damage.
The gnoll bouda barks out a call to the hunt!
The gnolls pick up the pace!
You hit the orc.
You kill the orc!
Okawaru accepts your kill.
You hit the gnoll but do no damage. The gnoll closely misses you.
The gnoll barely misses you.
You closely miss the gnoll. The gnoll closely misses you.
The gnoll hits you with a +0 spear. The orc hits you but does no damage.
The gnoll hits you from afar with a +1 halberd of venom!
You die...

........##....#
........##....#
........##....#
........##....#
##########....#
#....####
####....#
#....# #...@#
......og)go.g..
#.......##g....
...(.....l ....
###......###
... #...#### ..
#### #


You could see an iguana, 4 gnolls and 2 orcs.

Vanquished Creatures
  A hound (D:4)
  An iguana (D:3)
  Terence (D:3)
  Robin (D:2)
  2 adders
  5 dart slugs
  An orc (D:4)
  6 bats
  7 endoplasms
  4 giant cockroaches
  5 goblins
  5 hobgoblins
  4 quokkas (D:1)
  9 ball pythons
  A frilled lizard (D:1)
  6 kobolds
  6 rats
65 creatures vanquished.

Notes
Turn   | Place    | Note
-------+----------+-------------------------------------------
     0 | D:1      | qw the Gargoyle Fighter began the quest for the Orb.
     0 | D:1      | Reached XP level 1. HP: 14/14 MP: 1/1
     0 | D:1      | 0 ||| qw: Version: 0.2-a-12-gaebbb33
     0 | D:1      | 0 ||| qw: Game counter: 1184
     0 | D:1      | 0 ||| qw: Always use a shield: true
     0 | D:1      | 0 ||| qw: God list: Okawaru
     0 | D:1      | 0 ||| qw: Allow faded altars: false
     0 | D:1      | 0 ||| qw: Do Orc after D:15 true
     0 | D:1      | 0 ||| qw: Do second Lair branch before Depths: true
     0 | D:1      | 0 ||| qw: Lair rune preference: random
     0 | D:1      | 0 ||| qw: Plans: Normal, Zot:1-4, God:TSO, Crypt, Tomb,
                  | Pan, Slime:5, Hells, Abyss, Orb
     0 | D:1      | 0 ||| PLANNING D:1-11
   115 | D:1      | Reached skill level 2 in Axes
   143 | D:1      | Reached XP level 2. HP: 19/19 MP: 2/2
   180 | D:1      | 180 ||| Stepping ~*~*~tactically~*~*~ (stealth).
   345 | D:1      | 345 ||| Stepping ~*~*~tactically~*~*~ (hiding).
   527 | D:1      | Reached skill level 3 in Axes
   566 | D:1      | Reached XP level 3. HP: 20/23 MP: 3/3
   620 | D:1      | 620 ||| Stepping ~*~*~tactically~*~*~ (hiding).
  1233 | D:1      | 1233 ||| UPGRADING to +0 chain mail.
  1243 | D:1      | 1243 ||| DROPPING +0 scale mail.
  1244 | D:1      | 1244 ||| DROPPING amulet of magic regeneration.
  1245 | D:1      | 1245 ||| READING scroll labelled WOG IWIUKUUF.
  1290 | D:1      | 1290 ||| READING scroll labelled GULUTH KASSOT.
  1291 | D:1      | 1291 ||| READING scroll labelled ZAJ NENYSUOCIE.
  1292 | D:1      | 1292 ||| READING scroll labelled XUISIA ENAOHYG.
  1293 | D:1      | 1293 ||| DRINKING 3 silvery potions.
  1331 | D:2      | 1331 ||| Stepping ~*~*~tactically~*~*~ (stealth).
  1334 | D:2      | 1334 ||| Stepping ~*~*~tactically~*~*~ (stealth).
  1336 | D:2      | 1336 ||| Stepping ~*~*~tactically~*~*~ (stealth).
  1535 | D:2      | Noticed Robin
  1536 | D:2      | 1536 ||| Stepping ~*~*~tactically~*~*~ (hiding).
  1555 | D:2      | Killed Robin
  1556 | D:2      | Reached XP level 4. HP: 28/28 MP: 4/4
  1613 | D:2      | Reached skill level 4 in Axes
  1718 | D:2      | 1718 ||| Stepping ~*~*~tactically~*~*~ (stealth).
  1718 | D:2      | Found a glowing golden altar of the Shining One.
  1719 | D:2      | 1719 ||| Stepping ~*~*~tactically~*~*~ (stealth).
  1720 | D:2      | 1720 ||| Stepping ~*~*~tactically~*~*~ (stealth).
  1721 | D:2      | 1721 ||| Stepping ~*~*~tactically~*~*~ (stealth).
  1794 | D:2      | 1794 ||| Stepping ~*~*~tactically~*~*~ (hiding).
  2023 | D:2      | 2023 ||| UPGRADING to +0 helmet.
  2028 | D:2      | 2028 ||| DROPPING ring of wizardry.
  2029 | D:2      | 2029 ||| READING scroll labelled OJIMIS HYETE.
  2030 | D:2      | 2030 ||| READING scroll labelled BUCUSMOTRU.
  2031 | D:2      | 2031 ||| READING 2 scrolls labelled KETSAO FEUS.
  2032 | D:2      | 2032 ||| READING scroll labelled JAEMEXZ NENNIRPH.
  2033 | D:2      | 2033 ||| DRINKING 2 fuming golden potions.
  2034 | D:2      | 2034 ||| DROPPING potion of degeneration.
  2135 | D:3      | 2135 ||| Stepping ~*~*~tactically~*~*~ (hiding).
  2299 | D:3      | Noticed Terence
  2306 | D:3      | Killed Terence
  2307 | D:3      | Reached skill level 1 in Throwing
  2307 | D:3      | Reached XP level 5. HP: 30/32 MP: 5/5
  2521 | D:3      | Found Ulom's General Store.
  2528 | D:3      | 2528 ||| BUYING +0 pair of gloves (54 gold).
  2528 | D:3      | Bought a +0 pair of gloves for 54 gold pieces
  2528 | D:3      | 2528 ||| SHOPLISTING ring of see invisible (180 gold, have
                  | 98).
  2917 | D:3      | 2917 ||| UPGRADING to +0 pair of gloves.
  2922 | D:3      | 2922 ||| READING scroll labelled XAOBRO RIGO.
  2923 | D:3      | 2923 ||| DRINKING 2 sapphire potions.
  2924 | D:3      | 2924 ||| READING 3 scrolls of identify.
  2924 | D:3      | 2924 ||| IDENTIFYING golden potion
  2925 | D:3      | 2925 ||| READING 2 scrolls of identify.
  2925 | D:3      | 2925 ||| IDENTIFYING grey potion
  3022 | D:4      | Found an iron altar of Okawaru.
  3023 | D:4      | 3023 ||| PLANNING OKAWARU WORSHIP
  3028 | D:4      | Became a worshipper of Warmaster Okawaru
  3029 | D:4      | 3029 ||| PLANNING D:1-11
  3084 | D:4      | 3084 ||| Stepping ~*~*~tactically~*~*~ (stealth).
  3178 | D:4      | 3178 ||| Stepping ~*~*~tactically~*~*~ (hiding).
  3185 | D:4      | HP: 4/32 [gnoll/+1 halberd of venom[a gnoll bouda] (12)]
  3187 | D:4      | HP: 1/32 [gnoll/+0 spear[a gnoll bouda] (3)]
  3187 | D:4      | Mangled by a gnoll

Levels and vault maps discovered:
D:1:      dpeg_arrival_connections, layout_loops_ring, st_stairs_1
D:2:      layout_loops_cross, basic_altar, uniq_robin
D:3:      layout_basic, serial_glass, glass_columns_b, glass_columns_b,
          glass_columns_c, glass_columns_b, serial_shops, shop, uniq_terence
D:4:      layout_basic, nicolae_ru_path_of_blood, okawaru_metal_pillars_1_2,
          mainiacjoe_overflow_alcove_1, nrook_loot_triangle

Skill      XL: |  1  2  3  4 |
---------------+-------------+-----
Axes           | 2 3 4 |  4.9
Throwing       | 1 |  1.4
Fighting       | |  3.2
Armour         | |  3.2
Shields        | |  3.2

Action                   |  1- 3 |  4- 6 || total
-------------------------+-------+-------++-------
Melee: War axe           |   131 |    61 ||   192
Throw: Javelin           |       |    12 ||    12
  Use: Scroll            |     4 |     7 ||    11
       Potion            |     1 |     2 ||     3
Armor: Scale mail        |    41 |       ||    41
       Chain mail        |    26 |    31 ||    57
Dodge: Dodged            |    58 |    28 ||    86
Block: Buckler           |    25 |    15 ||    40

Table legend:
 A = Non-vault XP
 B = Vault XP
 C = Vault XP percentage of total XP
 D = Non-vault monster count
 E = Vault monster count
 F = Vault count percentage of total count
                 A         B        C        D         E       F
            +---------+---------+-------+---------+---------+-------
      Total |     209 |      63 |  23.2 |      57 |       8 |  12.3
            +---------+---------+-------+---------+---------+-------
        D:1 |      56 |       3 |   5.1 |      30 |       2 |   6.2
        D:2 |      39 |      24 |  38.1 |      15 |       5 |  25.0
        D:3 |      53 |      36 |  40.4 |       8 |       1 |  11.1
        D:4 |      61 |       0 |   0.0 |       4 |       0 |   0.0
            +---------+---------+-------+---------+---------+-------
